 Dungeon Crawl Stone Soup version 0.15-a0-895-g19c7863 (webtiles) character file.

2116 W0nk0 the Summoner (level 9, -11/57 HPs)
             Began as a Human Ice Elementalist on May 18, 2014.
             Was a Believer of Dithmenos.
             Mangled by an orc warrior
             ... wielding a +0,+0 hand axe
              (20 damage)
             ... on Level 7 of the Dungeon on May 19, 2014.
             The game lasted 01:55:23 (11345 turns).

W0nk0 the Summoner (Human Ice Elementalist)        Turns: 11345, Time: 01:55:23

HP -11/57        AC  5     Str  8      XL: 9   Next: 54%
MP   7/14        EV 14     Int 17      God: Dithmenos [**....]
Gold 401         SH  0     Dex 16      Spells:  3 memorised,  5 levels left

rFire  + . .     SeeInvis .     F - +1,+3 war axe (venom)
rCold  + . .     Clarity  .     N - +2 robe {rN+}
rNeg   + . .     Conserve .     (no shield)
rPois  .         rCorr    .     (no helmet)
rElec  .         rRot     .     (no cloak)
SustAb .         Spirit   .     k - +0 pair of gloves
rMut   .         Warding  .     (no boots)
Gourm  +         Stasis   .     j - amulet of the gourmand
MR     .....                    (no ring)
                                l - ring of Pliyn {+Rage +Inv rF+ rC+}

@: very slightly contaminated, wreathed by umbra, not resistant to hostile
enchantments, fairly stealthy
A: no striking features
a: Shadow Step, Renounce Religion, Evoke Berserk Rage, Evoke Invisibility


You were on level 7 of the Dungeon.
You worshipped Dithmenos.
Dithmenos was pleased with you.
You were starving.

You visited 1 branch of the dungeon, and saw 7 of its levels.

You collected 401 gold pieces.

Inventory:

Hand weapons
 b - a +1,+1 sling
 c - a +0,+2 whip of electrocution
 z - a +2,+0 short sword of venom
 F - a +1,+3 war axe of venom (weapon)
 G - a +0,+0 shortbow
 J - a +2,+0 dagger of freezing
 K - a +0,+3 flail of pain
Missiles
 o - 5 darts
 q - 27 sling bullets (quivered)
 u - 105 stones
 w - 7 needles of paralysis
 H - 19 arrows
Armour
 i - a +0 leather armour
 k - a +0 pair of gloves (worn)
 p - a +0 robe of magic resistance
 N - a +2 robe of positive energy (worn)
Magical devices
 e - a wand of flame (0)
Scrolls
 s - a scroll of enchant armour {unknown}
 t - 2 scrolls of identify
 x - a scroll of recharging
 y - a scroll of magic mapping
 L - a scroll of noise {unknown}
 M - a scroll of enchant weapon II {unknown}
 P - a scroll of amnesia {unknown}
Jewellery
 j - an amulet of the gourmand (around neck)
 l - the ring of Pliyn (left hand) {+Rage +Inv rF+ rC+}
   (You found it on level 4 of the Dungeon)

   [ring of protection from fire]

   It protects you from fire.
   It protects you from cold.
   It lets you turn invisible.
   It lets you go berserk.
Potions
 f - a potion of agility {unknown}
 g - a potion of lignification {unknown}
 h - 3 potions of might {unknown}
 m - a potion of confusion {unknown}
 n - 2 potions of haste
 r - a potion of restore abilities {unknown}
 v - a potion of cure mutation {unknown}
 B - 2 potions of poison {unknown}
 D - a potion of paralysis {unknown}
 E - a potion of porridge
 I - a potion of berserk rage {unknown}
Books
 A - a book of Frost

   Spells                             Type                      Level
   *Freeze                            Ice                          1
   *Throw Frost                       Conjuration/Ice              2
   Ozocubu's Armour                   Charms/Ice                   3
   Throw Icicle                       Conjuration/Ice              4
   *Summon Ice Beast                  Ice/Summoning                4
   Condensation Shield                Ice                          4
Magical staves
 a - an uncursed staff of power {Feeble}


   Skills:
 * Level 3.1 Axes
 - Level 2.4 Staves
 * Level 3.4 Slings
 + Level 3.7 Dodging
 - Level 4.1 Stealth
 - Level 2.0 Spellcasting
 + Level 1.2 Conjurations
 + Level 8.0 Summonings
 + Level 5.5 Ice Magic


You had 5 spell levels left.
You knew the following spells:

 Your Spells              Type           Power        Failure   Level  Hunger
a - Freeze                Ice            ###.         1%          1    #......
b - Throw Frost           Conj/Ice       ##....       10%         2    ##.....
c - Summon Ice Beast      Ice/Summ       ###.....     14%         4    #####..


Dungeon Overview and Level Annotations

Branches:
Dungeon (7/15)             Temple (0/1) D:7

Altars:
Dithmenos
Qazlal
Yredelemnul

Annotations:
D:4 Pikel
D:7 Prince Ribbit


Message History

Casting: Summon Ice Beast
Confirm with . or Enter, or press ? or * to list all spells.
You don't have the energy to cast that spell.
Your extra speed is starting to run out.
You see here 3 tomahawks.
You feel yourself slow down.
You see here a club.
You see here a tomahawk.
You see here a glowing dagger.
You see here a club.
You see here 3 tomahawks.
The orc shouts!
The orc wizard casts a spell.
The orc wizard seems to speed up.
The orc warrior hits you but does no damage.
You hit the orc warrior but do no damage.
The orc warrior is poisoned.
The orc throws a tomahawk.
The tomahawk closely misses you.
The orc warrior hits you with a hand axe!
You die...

#.# #.# #.# #.#
########## ..#
#()......# # ###
#)#####..######..
#(##...o........#
#.##.###.#.#.##.##
####@..o...?a......a.
##...o..o.##.#.###..#.
#......##(##.#.o....#.
#..###.##.......##.o..
##..###.#####.##.##.#o.
#............####.##.#..
.#.##...###...o..##....
#...###......####.#
....................


You could see an orc warrior, a worker ant (wandering), an orc wizard and an
orc.

Vanquished Creatures
  Grinder (D:5)
  A sky beast (D:7)
  A yellow wasp (D:6)
  2 ogres
  A slave (D:4)
  A centaur (D:6)
  A giant frog (D:6)
  2 wights (D:7)
  2 crimson imps (D:5)
  2 hounds (D:6)
  3 orc priests
  A worker ant (D:4)
  4 orc wizards
  An iguana (D:7)
  Jessica (D:3)
  A sky beast zombie (D:5)
  5 gnolls
  An inept feature mimic (D:4)
  3 adders
  2 giant mites
  2 worms (D:2)
  4 giant geckos
  3 oozes
  38 orcs
  A ball python (D:3)
  8 bats
  5 giant cockroaches
  20 goblins
  10 hobgoblins
  14 kobolds
  4 quokkas
  6 giant newts
  A quokka skeleton (D:4)
  7 rats
  A rat zombie (D:6)
160 creatures vanquished.

Vanquished Creatures (collateral kills)
  A feature mimic (D:7)
  An ice beast (D:7)
  2 orc warriors
  2 ogres (D:6)
  A black bear (D:7)
  A giant frog (D:6)
  A gnoll sergeant (D:6)
  A wight (D:7)
  An elf zombie (D:7)
  2 orc wizards
  An orc priest (D:7)
  An iguana (D:6)
  A worker ant (D:6)
  10 gnolls (D:6)
  8 orcs
  A giant cockroach (D:4)
  A hobgoblin (D:7)
  A kobold skeleton (D:4)
  A quokka (D:7)
  A rat (D:4)
39 creatures vanquished.

Vanquished Creatures (others)
  6 ice beasts (D:7)
6 creatures vanquished.

Grand Total: 205 creatures vanquished

Notes
Turn   | Place    | Note
--------------------------------------------------------------
     0 | D:1      | W0nk0, the Human Ice Elementalist, began the quest for the Orb.
     0 | D:1      | Reached XP level 1. HP: 13/13 MP: 3/3
   310 | D:1      | Reached XP level 2. HP: 19/19 MP: 0/4
  1043 | D:2      | Reached XP level 3. HP: 12/24 MP: 6/6
  1125 | D:2      | Learned a level 2 spell: Throw Frost
  1299 | D:2      | Found a shadowy altar of Dithmenos.
  1710 | D:2      | Became a worshipper of Dithmenos the Shadowed
  1785 | D:2      | Reached skill level 4 in Ice Magic
  1923 | D:2      | Reached XP level 4. HP: 30/30 MP: 0/7
  2255 | D:3      | Noticed Jessica
  2304 | D:3      | Killed Jessica
  2795 | D:3      | Reached XP level 5. HP: 33/35 MP: 4/9
  2814 | D:3      | Learned a level 4 spell: Summon Ice Beast
  3004 | D:3      | Found a basalt altar of Yredelemnul.
  3014 | D:3      | Reached skill level 1 in Summonings
  3860 | D:4      | Got a faintly glowing lead ring
  3862 | D:4      | Identified the ring of Pliyn {+Rage +Inv rF+ rC+} (You found it on level 4 of the Dungeon)
  3912 | D:4      | Noticed an ogre
  3965 | D:4      | Found Clurghom's Book Emporium.
  3976 | D:4      | Killed an ogre
  3976 | D:4      | Reached XP level 6. HP: 21/41 MP: 5/10
  3981 | D:4      | Clurghom's Book Emporium was a mimic.
  4164 | D:4      | Noticed a slave
  4165 | D:4      | Noticed a slave
  4166 | D:4      | Noticed Pikel
  4190 | D:4      | Killed a slave
  4576 | D:4      | Noticed a slave
  4622 | D:5      | Entered Level 5 of the Dungeon
  4817 | D:4      | Reached skill level 1 in Staves
  5309 | D:4      | Reached XP level 7. HP: 30/46 MP: 3/12
  5374 | D:4      | Acquired Dithmenos' first power
  5501 | D:4      | Upgraded the game from 0.15-a0-885-g3d1b40c to 0.15-a0-895-g19c7863
  5962 | D:5      | Found a stormy altar of Qazlal.
  6532 | D:5      | HP: 1/46 [orc priest/divine providence (14)]
  6902 | D:6      | Reached skill level 5 in Summonings
  7456 | D:5      | Reached skill level 6 in Summonings
  7456 | D:5      | Reached XP level 8. HP: 30/52 MP: 0/13
  7863 | D:6      | Noticed Grinder
  7977 | D:6      | Paralysed by Grinder for 5 turns
  8351 | D:5      | Paralysed by Grinder for 6 turns
  8370 | D:5      | Paralysed by Grinder for 2 turns
  8378 | D:5      | Killed Grinder
  8378 | D:5      | Reached skill level 7 in Summonings
  8762 | D:6      | Reached skill level 1 in Slings
  8949 | D:6      | Reached skill level 1 in Axes
 10062 | D:6      | Reached XP level 9. HP: 49/57 MP: 3/14
 10332 | D:7      | Reached skill level 5 in Ice Magic
 10504 | D:7      | Found a staircase to the Ecumenical Temple.
 11115 | D:7      | Noticed Prince Ribbit
 11140 | D:7      | Killed a fountain mimic
 11140 | D:7      | Reached skill level 8 in Summonings
 11345 | D:7      | Mangled by an orc warrior

Action                   |  1- 3 |  4- 6 |  7- 9 || total
-------------------------+-------+-------+-------++-------
Melee: Unarmed           |     8 |       |       ||     8
       Staff             |     9 |    57 |    18 ||    84
       Short sword       |     3 |    12 |       ||    15
       War axe           |       |     2 |    93 ||    95
       Whip              |       |       |    19 ||    19
       Flail             |       |       |     3 ||     3
 Fire: Sling             |       |    25 |    41 ||    66
       Shortbow          |       |       |    12 ||    12
Throw: Dart              |     1 |       |       ||     1
 Cast: Freeze            |    35 |    69 |   110 ||   214
       Throw Frost       |    23 |    80 |    56 ||   159
       Summon Ice Beast  |       |     4 |    30 ||    34
 Abil: Evoke Invisibilit |       |     1 |       ||     1
       Evoke Berserk Rag |       |       |     1 ||     1
  Use: Scroll            |     6 |     2 |     7 ||    15
       Potion            |       |       |     6 ||     6
 Stab: Sleeping          |     1 |       |     1 ||     2
       Distracted        |       |       |     1 ||     1
